 Dungeon Crawl Stone Soup version 0.31.0-11-ge490571c62 (webtiles) character file.

Game seed: 504011450282673456

158 Arcadio the Poker (level 5, 0/42 HPs)
             Began as a Merfolk Gladiator on Jan 30, 2024.
             Slain by a gnoll
             ... wielding a +0 halberd
              (5 damage)
             ... on level 4 of the Dungeon.
             The game lasted 00:03:31 (2569 turns).

Arcadio the Poker (Merfolk Gladiator)               Turns: 2569, Time: 00:03:32

Health: 0/42       AC:  6    Str: 17    XL:     5   Next: 39%
Magic:  5/5        EV: 11    Int:  7    God:
Gold:   94         SH:  7    Dex: 15    Spells: 4/4 levels left

rFire   . . .        a - +0 trident
rCold   . . .        o - +0 kite shield
rNeg    . . .        h - +0 ring mail
rPois   .            c - +0 helmet
rElec   .            (no cloak)
rCorr   +            (no gloves)
SInv    .            (no boots)
Will    .....        (no amulet)
Stlth   +            n - ring of resist corrosion
HPRegen 0.27/turn    (no ring)
MPRegen 0.09/turn

%: no passive effects
@: no status effects
A: (nimble swimmer 2), mertail
a: no special abilities


You were on level 4 of the Dungeon.
You visited 1 branch of the dungeon, and saw 4 of its levels.

You collected 94 gold pieces.

Inventory:

Hand Weapons
 a - a +0 trident (weapon)
Missiles
 d - 3 throwing nets (quivered)
 e - a javelin
Armour
 b - a +0 leather armour
 c - a +0 helmet (worn)
 h - a +0 ring mail (worn)
 o - a +0 kite shield (worn)
Jewellery
 n - a ring of resist corrosion (left hand)
Wands
 k - a wand of charming (9)
Scrolls
 f - 6 scrolls of teleportation {unknown}
 i - a scroll of poison {unknown}
 m - a scroll of identify {unknown}
Potions
 g - a potion of mutation {unknown}
 j - a potion of heal wounds {unknown}
 l - a potion of curing {unknown}


   Skills:
 + Level 3.9 Fighting
 + Level 5.5 Polearms
 - Level 2.0 Throwing
 + Level 5.5 Dodging


You had 4 spell levels left.
You didn't know any spells.
Your spell library contained the following spells:

 Spells                   Type           Power      Damage    Failure   Level
 Blink                    Tloc           0%         N/A       99%         2
 Lesser Beckoning         Tloc           0%         N/A       99%         2
 Momentum Strike          Conj/Tloc      0%         3d8       99%         2


Dungeon Overview and Level Annotations

Branches:
Dungeon (4/15)
 Temple: D:4-7

Altars:
Fedhas


Innate Abilities, Weirdness & Mutations

((You are very nimble when in or above water. (Stealth+, EV+, Speed+++)))
Your lower body shifts to a powerful aquatic tail in water.


Message History

The gnoll is almost dead.
The gnoll hits you with a +0 spear. x2
You closely miss the gnoll.
The gnoll is almost dead.
The gnoll hits you from afar with a +0 halberd.
The gnoll hits you with a +0 spear. The gnoll misses you.
You closely miss the gnoll.
The gnoll is almost dead.
The gnoll hits you but does no damage. The gnoll hits you with a +0 halberd.
You hit the gnoll.
You kill the gnoll!
The gnoll misses you.
You barely miss the gnoll. You block the gnoll's attack.
You hit the gnoll but do no damage. The gnoll misses you.
You block the gnoll's attack.
You hit the gnoll.
The gnoll is moderately wounded.
You block the gnoll's attack.
You barely miss the gnoll.
The gnoll is moderately wounded.
The gnoll hits you with a +0 halberd.
You closely miss the gnoll.
The gnoll is moderately wounded.
The gnoll hits you with a +0 halberd.
You barely miss the gnoll.
The gnoll is moderately wounded.
You block the gnoll's attack.
You hit the gnoll.
The gnoll is severely wounded.
The gnoll barely misses you. The gnoll hits you with a +0 halberd.
You block the gnoll's attack.
You closely miss the gnoll.
The gnoll is severely wounded.
The gnoll hits you with a +0 halberd!
* * * LOW HITPOINT WARNING * * *
The gnoll barely misses you.
You hit the gnoll.
The gnoll is almost dead.
The gnoll hits you from afar with a +0 halberd.
You die...

#..........# .
#..........#...
#............#
#......<....#
##............>
#..........####
#....g.....#
#..^.......#
#....@g....#
#.....)....#
##........##
##..<...##
########


You could see 2 gnolls.

Vanquished Creatures
  A hound (D:3)
  5 gnolls
  2 adders
  A white imp (D:3)
  A dart slug (D:1)
  A ribbon worm (D:3)
  8 bats
  7 endoplasms
  2 giant cockroaches
  3 goblins
  5 hobgoblins
  4 jackals (D:3)
  3 kobolds
  4 quokkas
  2 ball pythons
  2 frilled lizards (D:1)
  2 rats (D:2)
53 creatures vanquished.

Notes
Turn   | Place    | Note
-------+----------+-------------------------------------------
     0 | D:1      | Arcadio the Merfolk Gladiator began the quest for the Orb.
     0 | D:1      | Reached XP level 1. HP: 16/16 MP: 1/1
   130 | D:1      | Reached XP level 2. HP: 23/23 MP: 2/2
   659 | D:2      | Reached XP level 3. HP: 28/28 MP: 3/3
  1473 | D:3      | Reached skill level 5 in Polearms
  1473 | D:3      | Reached XP level 4. HP: 35/35 MP: 4/4
  1571 | D:3      | Reached skill level 5 in Dodging
  1944 | D:3      | Found a blossoming altar of Fedhas.
  2272 | D:3      | Reached XP level 5. HP: 34/41 MP: 5/5
  2569 | D:4      | Slain by a gnoll

Illustrated notes

Levels and vault maps discovered:
D:1:      lightli_arrival_chessboard, layout_rooms
D:2:      layout_basic, chequers_garden
D:3:      layout_basic, lemuel_coloured_pillars_altar, serial_curves,
          eino_curves_01, eino_curves_03
D:4:      layout_rooms, lemuel_tele_altar, mainiacjoe_overflow_boulevard,
          jmf_multi_god_temple

Skill      XL: |  1  2  3  4 |
---------------+-------------+-----
Fighting       | 3 |  3.9
Polearms       | 5 |  5.5
Dodging        | 5 |  5.5
Throwing       | |  2.0

Action                     |  1- 3 |  4- 6 || total
---------------------------+-------+-------++-------
  Melee: Trident           |   106 |   108 ||   214
         Punch             |     1 |       ||     1
   Stab: Sleeping          |     1 |       ||     1
 Armour: Leather armour    |    15 |       ||    15
         Ring mail         |    30 |    69 ||    99
  Dodge: Dodged            |    68 |    73 ||   141
  Block: Kite shield       |       |    19 ||    19
